[ AOE2 MATCH · #506729104 ]
UnrankedVikings vs Incas
Player's team · LOSS
Rival team · WIN
[ REPLAY ANALYSIS · EXTRACTED FROM THE RECORDED GAME ]
Feudal
9:18
Castle
24:24
Imperial
43:41
| APM avg | 58.7 |
| APM peak | 106 |
| eAPM avg | 33.5 |
| Villagers / military | 233 / 151 |
Focus
⚔️ 35.7% · 🌾 64.3%
Skirmisher ×46 · Archer ×42 · Berserk ×39 · Knight ×6 · Battering Ram ×6 · Scout Cavalry ×5
Feudal
9:16
Castle
24:29
Imperial
41:37
| APM avg | 82.5 |
| APM peak | 144 |
| eAPM avg | 51.8 |
| Villagers / military | 197 / 75 |
Focus
⚔️ 72.0% · 🌾 28.0%
Unknown (2550) ×36 · Petard ×27 · Kamayuk ×23 · Trebuchet (Packed) ×7 · Spearman ×6 · Skirmisher ×6
Match map
Initial resources + every placement click. Lines = walls · curves = elevation contours. ◆ gold · ⬟ stone · ● berries · ✦ relic · ◌ wall gap
Your base· ✓ Closed at 24:24 · 63t walls · 1 gate(s)
LLaRLLi's base· Open — unwalled flank
Smoothed initial terrain · ◌ = detected wall gap · hover for details
Inputs per minute
— link_chaos - - LLaRLLi
Build order — link_chaos
First 150 of 664 actions detected
| 0:00 | Create | Villager (Male) |
| 0:00 | Create | Villager (Male) |
| 0:02 | Build | House |
| 0:03 | Build | House |
| 0:04 | Create | Villager (Male) |
| 0:05 | Create | Villager (Male) |
| 0:05 | Create | Villager (Male) |
| 1:32 | Build | Lumber Camp |
| 1:37 | Create | Villager (Male) |
| 1:37 | Create | Villager (Male) |
| 1:55 | Create | Villager (Male) |
| 2:24 | Create | Villager (Male) |
| 2:24 | Create | Villager (Male) |
| 2:58 | Create | Villager (Male) |
| 2:59 | Create | Villager (Male) |
| 3:03 | Build | House |
| 3:23 | Create | Villager (Male) |
| 3:23 | Create | Villager (Male) |
| 3:42 | Create | Villager (Male) |
| 3:43 | Create | Villager (Male) |
| 3:55 | Build | Mill |
| 4:02 | Create | Villager (Male) |
| 4:02 | Create | Villager (Male) |
| 4:37 | Create | Villager (Male) |
| 4:38 | Create | Villager (Male) |
| 4:38 | Create | Villager (Male) |
| 4:51 | Create | Villager (Male) |
| 5:22 | Create | Villager (Male) |
| 5:22 | Create | Villager (Male) |
| 5:23 | Create | Villager (Male) |
| 5:34 | Create | Villager (Male) |
| 6:24 | Research | Loom |
| 7:04 | Research | Feudal Age |
| 7:04 | Research | Feudal Age |
| 7:13 | Build | Mill |
| 7:37 | Build | House |
| 7:40 | Build | Palisade Wall |
| 7:41 | Build | Palisade Wall |
| 7:42 | Build | Palisade Wall |
| 7:50 | Create | Villager (Male) |
| 8:36 | Build | Barracks |
| 8:39 | Build | Palisade Wall |
| 8:58 | Create | Villager (Male) |
| 9:18 | Age | Feudal Age |
| 9:20 | Build | Palisade Wall |
| 9:23 | Create | Villager (Male) |
| 9:36 | Build | Stable |
| 9:41 | Create | Villager (Male) |
| 9:47 | Build | House |
| 9:50 | Build | House |
| 9:58 | Create | Villager (Male) |
| 10:06 | Build | Stone Wall |
| 10:08 | Build | Stone Wall |
| 10:12 | Create | Villager (Male) |
| 10:23 | Create | Scout Cavalry |
| 10:23 | Create | Scout Cavalry |
| 10:36 | Build | Mining Camp |
| 10:38 | Create | Villager (Male) |
| 10:48 | Create | Villager (Male) |
| 11:14 | Build | House |
| 11:15 | Create | Scout Cavalry |
| 11:15 | Create | Scout Cavalry |
| 11:22 | Build | House |
| 11:23 | Build | Palisade Wall |
| 11:27 | Create | Villager (Male) |
| 11:51 | Build | Stone Wall |
| 11:56 | Build | House |
| 12:07 | Build | Farm |
| 12:08 | Create | Villager (Male) |
| 12:21 | Build | Watch Tower |
| 12:35 | Create | Scout Cavalry |
| 12:40 | Create | Villager (Male) |
| 12:40 | Create | Villager (Male) |
| 12:54 | Create | Villager (Male) |
| 12:54 | Create | Villager (Male) |
| 13:00 | Build | House |
| 13:04 | Build | Farm |
| 13:05 | Create | Villager (Male) |
| 13:11 | Create | Villager (Male) |
| 13:11 | Create | Villager (Male) |
| 13:15 | Build | Stone Wall |
| 13:24 | Create | Villager (Male) |
| 13:40 | Build | Farm |
| 13:40 | Build | Farm |
| 13:49 | Build | Stone Wall |
| 13:57 | Build | Farm |
| 14:00 | Build | Farm |
| 14:15 | Create | Villager (Male) |
| 14:21 | Create | Villager (Male) |
| 14:21 | Create | Villager (Male) |
| 14:46 | Research | Double-Bit Axe |
| 14:51 | Create | Villager (Male) |
| 14:58 | Build | Lumber Camp |
| 15:10 | Build | Stone Wall |
| 15:19 | Create | Villager (Male) |
| 15:27 | Build | Palisade Wall |
| 15:30 | Build | Stone Wall |
| 15:35 | Create | Villager (Male) |
| 15:42 | Build | Stone Wall |
| 15:47 | Create | Villager (Male) |
| 15:52 | Build | Gate |
| 15:54 | Create | Villager (Male) |
| 16:07 | Build | Market |
| 16:08 | Create | Villager (Male) |
| 16:25 | Create | Villager (Male) |
| 16:30 | Build | House |
| 16:31 | Build | Palisade Wall |
| 16:40 | Build | Mining Camp |
| 16:48 | Create | Villager (Male) |
| 16:56 | Build | Farm |
| 17:02 | Build | Stone Wall |
| 17:04 | Create | Villager (Male) |
| 17:19 | Create | Villager (Male) |
| 17:35 | Build | Farm |
| 17:37 | Build | Mill |
| 17:38 | Create | Villager (Male) |
| 17:58 | Create | Villager (Male) |
| 18:01 | Build | Blacksmith |
| 18:07 | Create | Villager (Male) |
| 18:08 | Create | Villager (Male) |
| 18:18 | Create | Villager (Male) |
| 18:41 | Build | Mill |
| 18:52 | Build | Farm |
| 18:53 | Build | Farm |
| 18:58 | Create | Villager (Male) |
| 19:22 | Build | Farm |
| 19:23 | Build | Farm |
| 19:23 | Create | Villager (Male) |
| 19:36 | Research | Fletching |
| 19:36 | Research | Fletching |
| 19:40 | Create | Villager (Male) |
| 20:06 | Create | Villager (Male) |
| 20:25 | Create | Villager (Male) |
| 20:48 | Build | Farm |
| 20:48 | Build | Farm |
| 20:49 | Build | Farm |
| 20:49 | Build | Farm |
| 20:49 | Build | Farm |
| 20:49 | Build | Farm |
| 20:54 | Build | Farm |
| 21:17 | Create | Villager (Male) |
| 21:26 | Build | House |
| 21:44 | Research | Castle Age |
| 21:44 | Research | Castle Age |
| 22:16 | Research | Horse Collar |
| 22:17 | Research | Gold Mining |
| 22:17 | Research | Gold Mining |
| 22:21 | Research | Scale Barding Armor |
| 22:26 | Build | House |
| 23:04 | Research | Forging |
Build order — LLaRLLi
First 150 of 496 actions detected
| 0:00 | Create | Villager (Male) |
| 0:01 | Build | House |
| 0:02 | Build | House |
| 0:07 | Create | Villager (Male) |
| 0:07 | Create | Villager (Male) |
| 0:09 | Create | Villager (Male) |
| 1:28 | Create | Villager (Male) |
| 1:28 | Create | Villager (Male) |
| 1:52 | Build | Settlement |
| 1:58 | Create | Villager (Male) |
| 2:09 | Create | Villager (Male) |
| 2:10 | Create | Villager (Male) |
| 2:35 | Create | Villager (Male) |
| 3:08 | Create | Villager (Male) |
| 3:38 | Create | Villager (Male) |
| 3:39 | Create | Villager (Male) |
| 4:01 | Create | Villager (Male) |
| 4:01 | Create | Villager (Male) |
| 4:01 | Create | Villager (Male) |
| 4:04 | Create | Villager (Male) |
| 5:10 | Create | Villager (Male) |
| 5:32 | Create | Villager (Male) |
| 6:01 | Create | Villager (Male) |
| 6:18 | Build | Barracks |
| 6:28 | Research | Loom |
| 6:59 | Research | Feudal Age |
| 7:06 | Create | Unit 2550 |
| 7:06 | Create | Unit 2550 |
| 8:38 | Create | Unit 2550 |
| 8:45 | Build | House |
| 8:50 | Create | Villager (Male) |
| 9:16 | Age | Feudal Age |
| 9:18 | Build | Archery Range |
| 9:21 | Research | Double-Bit Axe |
| 9:24 | Create | Villager (Male) |
| 9:45 | Create | Skirmisher |
| 9:50 | Create | Skirmisher |
| 9:53 | Create | Villager (Male) |
| 10:05 | Build | Watch Tower |
| 10:10 | Build | Watch Tower |
| 10:14 | Create | Skirmisher |
| 10:18 | Create | Villager (Male) |
| 10:44 | Build | Settlement |
| 10:56 | Create | Skirmisher |
| 11:03 | Create | Villager (Male) |
| 11:11 | Create | Skirmisher |
| 11:22 | Build | Palisade Wall |
| 11:23 | Build | Palisade Wall |
| 11:30 | Create | Skirmisher |
| 11:30 | Create | Villager (Male) |
| 12:01 | Create | Villager (Male) |
| 12:14 | Create | Spearman |
| 12:17 | Create | Villager (Male) |
| 12:20 | Build | Settlement |
| 12:29 | Create | Villager (Male) |
| 12:39 | Create | Spearman |
| 12:40 | Create | Spearman |
| 13:01 | Build | Watch Tower |
| 13:20 | Create | Villager (Male) |
| 13:26 | Build | Farm |
| 13:26 | Build | Farm |
| 13:31 | Build | Palisade Wall |
| 13:31 | Build | Palisade Wall |
| 13:44 | Build | House |
| 13:46 | Build | House |
| 13:48 | Build | Palisade Wall |
| 13:59 | Create | Spearman |
| 14:07 | Create | Spearman |
| 14:45 | Build | Farm |
| 14:46 | Build | Farm |
| 14:50 | Create | Villager (Male) |
| 15:17 | Build | Farm |
| 15:33 | Build | Farm |
| 15:33 | Create | Villager (Male) |
| 16:02 | Create | Villager (Male) |
| 16:05 | Build | Blacksmith |
| 16:10 | Create | Spearman |
| 16:16 | Create | Villager (Male) |
| 16:29 | Create | Villager (Male) |
| 16:46 | Build | Watch Tower |
| 16:56 | Build | House |
| 16:56 | Build | Palisade Wall |
| 17:26 | Create | Villager (Male) |
| 17:27 | Research | Fletching |
| 17:52 | Create | Villager (Male) |
| 17:54 | Build | Farm |
| 17:56 | Build | Farm |
| 17:57 | Build | Farm |
| 18:16 | Create | Villager (Male) |
| 18:18 | Build | Farm |
| 18:27 | Create | Villager (Male) |
| 18:48 | Build | Farm |
| 18:50 | Build | Farm |
| 18:58 | Create | Villager (Male) |
| 19:19 | Create | Villager (Male) |
| 19:22 | Build | Farm |
| 19:51 | Create | Villager (Male) |
| 19:56 | Build | Farm |
| 20:24 | Create | Villager (Male) |
| 20:25 | Build | Farm |
| 20:29 | Build | Settlement |
| 20:41 | Create | Villager (Male) |
| 21:20 | Create | Villager (Male) |
| 21:49 | Research | Castle Age |
| 21:49 | Research | Castle Age |
| 22:12 | Research | Horse Collar |
| 22:14 | Research | Gold Mining |
| 22:15 | Build | Farm |
| 22:28 | Build | Palisade Wall |
| 22:29 | Build | House |
| 22:58 | Build | House |
| 23:03 | Build | Farm |
| 23:38 | Build | House |
| 23:45 | Build | Farm |
| 23:47 | Build | House |
| 24:15 | Build | House |
| 24:19 | Build | Palisade Gate |
| 24:29 | Age | Castle Age |
| 24:31 | Research | Bodkin Arrow |
| 24:32 | Create | Villager (Male) |
| 24:36 | Build | Castle |
| 24:44 | Build | Monastery |
| 24:46 | Create | Villager (Male) |
| 24:53 | Create | Villager (Male) |
| 24:56 | Build | Farm |
| 25:00 | Build | House |
| 25:07 | Research | Scale Mail Armor |
| 25:09 | Create | Villager (Male) |
| 25:16 | Build | House |
| 25:17 | Build | House |
| 25:18 | Build | House |
| 25:31 | Create | Monk |
| 25:31 | Create | Villager (Male) |
| 25:42 | Build | Settlement |
| 25:43 | Create | Kamayuk |
| 25:44 | Create | Kamayuk |
| 25:45 | Create | Villager (Male) |
| 25:45 | Create | Villager (Male) |
| 25:47 | Create | Monk |
| 25:48 | Create | Villager (Male) |
| 26:17 | Create | Kamayuk |
| 26:18 | Create | Kamayuk |
| 26:19 | Create | Villager (Male) |
| 26:39 | Create | Villager (Male) |
| 26:42 | Create | Villager (Male) |
| 26:45 | Build | Siege Workshop |
| 26:55 | Create | Kamayuk |
| 26:56 | Create | Kamayuk |
| 27:16 | Research | Chain Mail Armor |
| 27:17 | Create | Monk |
Match timeline
| 6:18 | LLaRLLi · first_building Barracks |
| 7:40 | link_chaos · wall_segment Palisade Wall x1 |
| 7:41 | link_chaos · wall_segment Palisade Wall x1 |
| 7:42 | link_chaos · wall_segment Palisade Wall x1 |
| 8:36 | link_chaos · first_building Barracks |
| 8:39 | link_chaos · wall_segment Palisade Wall x3 |
| 9:16 | LLaRLLi · age_up feudal |
| 9:18 | LLaRLLi · first_building Archery Range |
| 9:18 | link_chaos · age_up feudal |
| 9:20 | link_chaos · wall_segment Palisade Wall x6 |
| 9:36 | link_chaos · first_building Stable |
| 10:06 | link_chaos · wall_segment Stone Wall x5 |
| 10:08 | link_chaos · wall_segment Stone Wall x2 |
| 11:22 | LLaRLLi · wall_segment Palisade Wall x3 |
| 11:23 | LLaRLLi · wall_segment Palisade Wall x1 |
| 11:23 | link_chaos · wall_segment Palisade Wall x1 |
| 11:51 | link_chaos · wall_segment Stone Wall x6 |
| 13:15 | link_chaos · wall_segment Stone Wall x11 |
| 13:31 | LLaRLLi · wall_segment Palisade Wall x1 |
| 13:31 | LLaRLLi · wall_segment Palisade Wall x1 |
| 13:48 | LLaRLLi · wall_segment Palisade Wall x1 |
| 13:49 | link_chaos · wall_segment Stone Wall x6 |
| 15:10 | link_chaos · wall_segment Stone Wall x1 |
| 15:27 | link_chaos · wall_segment Palisade Wall x1 |
| 15:30 | link_chaos · wall_segment Stone Wall x8 |
| 15:42 | link_chaos · wall_segment Stone Wall x3 |
| 16:31 | link_chaos · wall_segment Palisade Wall x1 |
| 16:56 | LLaRLLi · wall_segment Palisade Wall x1 |
| 17:02 | link_chaos · wall_segment Stone Wall x7 |
| 21:44 | link_chaos · first_market_sell 100 wood |
| 22:28 | LLaRLLi · wall_segment Palisade Wall x1 |
| 23:12 | link_chaos · first_market_buy 100 wood |
| 24:24 | link_chaos · age_up castle |
| 24:29 | LLaRLLi · age_up castle |
| 24:30 | link_chaos · first_building Siege Workshop |
| 24:36 | LLaRLLi · first_building Castle |
| 24:44 | LLaRLLi · first_building Monastery |
| 26:38 | link_chaos · wall_segment Palisade Wall x1 |
| 26:39 | link_chaos · wall_segment Palisade Wall x5 |
| 26:45 | LLaRLLi · first_building Siege Workshop |
| 27:01 | link_chaos · wall_segment Palisade Wall x1 |
| 27:21 | link_chaos · wall_segment Palisade Wall x3 |
| 29:21 | LLaRLLi · wall_segment Palisade Wall x1 |
| 29:58 | link_chaos · wall_segment Stone Wall x6 |
| 30:00 | link_chaos · wall_segment Stone Wall x2 |
| 30:13 | link_chaos · first_building Castle |
| 31:23 | link_chaos · wall_segment Stone Wall x1 |
| 32:45 | link_chaos · wall_segment Stone Wall x1 |
| 33:05 | LLaRLLi · first_market_buy 100 stone |
| 36:31 | link_chaos · first_building Monastery |
| 39:30 | link_chaos · first_building Archery Range |
| 41:37 | LLaRLLi · age_up imperial |
| 43:41 | link_chaos · age_up imperial |
| 51:27 | link_chaos · resign |
[ AI ANALYSIS · 1 CREDIT ]
What really happened in this match?
Wolo.gg analyzes every decision: build order, eco, micro, common mistakes by bracket. Personalized analysis on WhatsApp or Discord in 30 seconds.
Civ guide
Vikings
Perfil
link_chaos